 Dungeon Crawl Stone Soup version 0.29.1-2-gbd0b4ee654 (webtiles) character file.

Game seed: 9246124287296593533

53 zeram the Shield-Bearer (level 3, 0/35 HPs)
             Began as a Gnoll Fighter on Nov 6, 2022.
             Slain by Robin
             ... wielding a +0 spear
              (2 damage)
             ... on level 2 of the Dungeon.
             The game lasted 00:01:45 (1439 turns).

zeram the Shield-Bearer (Gnoll Fighter)             Turns: 1439, Time: 00:01:45

Health: 0/35       AC:  7    Str: 15    XL:     3   Next: 89%
Magic:  4/4        EV:  9    Int:  9    God:
Gold:   25         SH:  5    Dex: 11    Spells: 4/4 levels left

rFire   . . .      SeeInvis .   e - +0 dagger (venom)
rCold   . . .      Faith    .   c - +0 buckler
rNeg    . . .      Spirit   .   b - +0 scale mail
rPois   .          Reflect  .   (no helmet)
rElec   .          Harm     .   (no cloak)
rCorr   .          Rampage  .   (no gloves)
Will    .....                   (no boots)
Stlth   ..........              (no amulet)
HPRegen 0.11/turn               (no ring)
MPRegen 0.09/turn               (no ring)

@: no status effects
A: fangs 1, strong nose, distributed training
a: no special abilities


You were on level 2 of the Dungeon.
You visited 1 branch of the dungeon, and saw 2 of its levels.

You collected 25 gold pieces.

Inventory:

Hand Weapons
 a - a +0 trident
 e - a +0 dagger of venom (weapon)
Armour
 b - a +0 scale mail (worn)
 c - a +0 buckler (worn)
Scrolls
 h - a scroll of identify
 i - a scroll of blinking {unknown}
Potions
 d - a potion of might
 f - a potion of heal wounds {unknown}
 g - 3 potions of curing
 j - a potion of attraction {unknown}
 k - a potion of flight {unknown}
 l - 2 potions of mutation {unknown}
 m - a potion of haste {unknown}


   Skills:
 + Level 6.5 Fighting
 + Level 1.0 Short Blades
 + Level 1.0 Long Blades
 + Level 1.0 Axes
 + Level 1.0 Maces & Flails
 + Level 4.6 Polearms
 + Level 1.0 Staves
 + Level 1.0 Ranged Weapons
 + Level 1.0 Throwing
 + Level 6.5 Armour
 + Level 1.0 Dodging
 + Level 1.0 Stealth
 + Level 6.5 Shields
 + Level 1.0 Unarmed Combat
 + Level 1.0 Spellcasting
 + Level 0.7 Conjurations
 + Level 0.7 Hexes
 + Level 0.7 Summonings
 + Level 0.7 Necromancy
 + Level 0.7 Translocations
 + Level 0.7 Transmutations
 + Level 0.7 Fire Magic
 + Level 0.7 Ice Magic
 + Level 0.7 Air Magic
 + Level 0.7 Earth Magic
 + Level 0.7 Poison Magic
 + Level 1.1 Invocations
 + Level 1.0 Evocations


You had 4 spell levels left.
You didn't know any spells.
Your spell library was empty.

Dungeon Overview and Level Annotations

Branches:
Dungeon (2/15)

Altars:

Annotations:
D:2 Robin


Innate Abilities, Weirdness & Mutations

You have very sharp teeth.
Your uncanny sense of smell can sniff out nearby items.
Your experience applies equally to all skills.


Message History

You kill the jackal!
You hit the goblin.
The goblin is poisoned.
The goblin is severely wounded.
You hit the goblin.
You kill the goblin!
Robin throws the goblin at you!
You hit the goblin.
You kill the goblin!
The goblin barely misses you.
You hit the rat.
You kill the rat!
The goblin hits you with a +0 dagger.
* * * LOW HITPOINT WARNING * * *
Robin hits you from afar with a +0 spear.
* * * LOW HITPOINT WARNING * * *
The goblin hits you but does no damage. You block Robin's attack.
You hit the goblin.
You kill the goblin!
The quokka bites you but does no damage.
The quokka attacks as you move away! The quokka bites you.
* * * LOW HITPOINT WARNING * * *
The quokka bites you.
* * * LOW HITPOINT WARNING * * *
Things that are here:
a +0 dagger; a goblin corpse Unknown command.
You miss the quokka.
The quokka bites you but does no damage.
Robin barely misses you.
You barely miss the quokka.
The quokka bites you but does no damage.
You hit the quokka.
The quokka is poisoned.
The quokka is moderately wounded.
Robin barely misses you.
The quokka bites you but does no damage.
You miss the quokka.
The quokka is heavily wounded.
The quokka barely misses you.
Robin hits you from afar with a +0 spear.
You die...

.....#.......# ##########
.....#.......# #.........
##......(....# #.........
......<......###### #.........
#...##.#.....#....# #......)..
#...##.#.....#....######.))......
#..#.....#'###....##.............
#...######.###....##..(.###[.....
###)######>..+..@rg)....# #......
# #.........##....##....# #......
# #..#####..##....##....# #######
###........................ $...
##.....#######....####...## ####
.'.....# #....# ###..# ##.....#
#....# #.# #.....# #....# .#
####### #....#


You could see Robin and a quokka (very poisoned).

Vanquished Creatures
  An adder (D:1)
  A worm (D:2)
  5 ball pythons (D:1)
  An endoplasm (D:1)
  12 goblins
  A hobgoblin (D:1)
  6 jackals
  3 bats
  3 frilled lizards (D:1)
  2 kobolds
  3 rats
38 creatures vanquished.

Notes
Turn   | Place    | Note
-------+----------+-------------------------------------------
     0 | D:1      | zeram the Gnoll Fighter began the quest for the Orb.
     0 | D:1      | Reached XP level 1. HP: 23/23 MP: 1/1
   172 | D:1      | Reached XP level 2. HP: 29/29 MP: 2/2
   897 | D:1      | Reached XP level 3. HP: 6/35 MP: 2/4
  1166 | D:2      | Reached skill level 1 in Invocations
  1386 | D:2      | Noticed Robin
  1401 | D:2      | Reached skill level 1 in Short Blades
  1401 | D:2      | Reached skill level 1 in Long Blades
  1401 | D:2      | Reached skill level 1 in Axes
  1401 | D:2      | Reached skill level 1 in Maces & Flails
  1401 | D:2      | Reached skill level 1 in Staves
  1401 | D:2      | Reached skill level 1 in Ranged Weapons
  1401 | D:2      | Reached skill level 1 in Throwing
  1401 | D:2      | Reached skill level 1 in Dodging
  1401 | D:2      | Reached skill level 1 in Stealth
  1401 | D:2      | Reached skill level 1 in Unarmed Combat
  1401 | D:2      | Reached skill level 1 in Spellcasting
  1401 | D:2      | Reached skill level 1 in Evocations
  1434 | D:2      | HP: 1/35 [quokka (3)]
  1439 | D:2      | Slain by Robin

Illustrated notes

Levels and vault maps discovered:
D:1:      wander_arrival_estate, layout_rooms
D:2:      layout_basic, hellmonk_ecumenical_altar_watching_god, uniq_robin,
          uniq_natasha

Skill      XL: |  1  2  3 |
---------------+----------+-----
Invocations    | 1 |  1.1
Short Blades   | 1 |  1.0
Long Blades    | 1 |  1.0
Axes           | 1 |  1.0
Maces & Flails | 1 |  1.0
Staves         | 1 |  1.0
Ranged Weapons | 1 |  1.0
Throwing       | 1 |  1.0
Dodging        | 1 |  1.0
Stealth        | 1 |  1.0
Unarmed Combat | 1 |  1.0
Spellcasting   | 1 |  1.0
Evocations     | 1 |  1.0
Fighting       | |  6.5
Polearms       | |  4.6
Armour         | |  6.5
Shields        | |  6.5
Conjurations   | |  0.7
Hexes          | |  0.7
Summonings     | |  0.7
Necromancy     | |  0.7
Translocations | |  0.7
Transmutations | |  0.7
Fire Magic     | |  0.7
Ice Magic      | |  0.7
Air Magic      | |  0.7
Earth Magic    | |  0.7
Poison Magic   | |  0.7

Action                   || total
-------------------------++-------
Melee: Dagger            ||    99
       Trident           ||     8
       Bite              ||     6
  Use: Scroll            ||     3
Armor: Scale mail        ||    82
Dodge: Dodged            ||    73
Block: Buckler           ||    38
